 Dungeon Crawl Stone Soup version 0.26-a0-663-g36e8fdb655 (webtiles) character file.

Game seed: 12190769272035411160

121511 BeastOfSaturn the Spear-Bearer (level 16, -20/125 HPs)
             Began as a Demonspawn Venom Mage on Sept 6, 2020.
             Was an Initiate of Gozag.
             Killed from afar by a frost giant (27 damage)
             ... with a bolt of cold
             ... summoned by an orange crystal statue
             ... on level 1 of the Depths on Oct 11, 2020.
             The game lasted 01:26:06 (43052 turns).

BeastOfSaturn the Spear-Bearer (DsVM)              Turns: 43052, Time: 01:26:09

Health: -20/125    AC: 23    Str: 19    XL:     16   Next: 32%
Magic:  21/30      EV: 11    Int: 19    God:    Gozag
Gold:   3707       SH: 11    Dex: 21    Spells: 11/35 levels left

rFire    . . .     SeeInvis +   b - +8 trident of the Octopus King {venom, rElec rPois MR+}
rCold    . . .     Faith    .   N - +0 buckler {AC+3}
rNeg     + + .     Spirit   .   A - +1 pearl dragon scales
rPois    +         Reflect  +   (helmet unavailable)
rElec    +         Harm     .   u - +0 cloak
rCorr    .         Rampage  .   k - +1 pair of gloves
MR       ++++.                  g - +0 pair of boots
Stlth    +.........             S - amulet of a Thousand Tales {Reflect rPois rC+ Str+3 SH+5}
HPRegen  0.30/turn              T - ring "Urimokyr" {rN+ MR+ Dex+4 SInv}
MPRegen  0.22/turn              U - ring of Luydam {rC- MR+ Str+4 Dex+2 Slay+3}

@: no status effects
A: horns 3, foul stench 1, spiny 2, rot immunity
a: Potion Petition, Call Merchant, Bribe Branch, Renounce Religion


You were on level 1 of the Depths.
You worshipped Gozag.
Gozag was most pleased with you.
You visited 6 branches of the dungeon, and saw 25 of its levels.

You collected 9093 gold pieces.
You spent 4174 gold pieces at shops.
You paid 1212 gold pieces to Gozag.

Inventory:

Hand Weapons
 b - the +8 trident of the Octopus King (weapon) {venom, rElec rPois MR+}
   (You bought it in a shop on level 2 of the Lair of Beasts)

   It poisons the flesh of those it strikes.
   It insulates you from electricity.
   It protects you from poison.
   It affects your resistance to hostile enchantments.
Armour
 g - a +0 pair of boots (worn)
 k - a +1 pair of gloves (worn)
 u - a +0 cloak (worn)
 A - +1 pearl dragon scales (worn)
 N - a +0 buckler of protection (worn)
Jewellery
 d - an uncursed ring of positive energy
 t - an uncursed ring of ice
 w - an uncursed ring of protection from fire {unknown}
 S - the amulet of a Thousand Tales (around neck) {Reflect rPois rC+ Str+3 SH+5}
   (You bought it in a shop on level 11 of the Dungeon)

   [amulet of reflection]

   It shields you and reflects attacks.
   It affects your strength (+3).
   It protects you from cold.
   It protects you from poison.
   It affects your SH (+5).
 T - the ring "Urimokyr" (left hand) {rN+ MR+ Dex+4 SInv}
   (You bought it in a shop on level 11 of the Dungeon)

   [ring of positive energy]

   It affects your dexterity (+4).
   It protects you from negative energy.
   It affects your resistance to hostile enchantments.
   It lets you see invisible.
 U - the ring of Luydam (right hand) {rC- MR+ Str+4 Dex+2 Slay+3}
   (You bought it in a shop on level 11 of the Dungeon)

   [ring of protection from magic]

   It affects your strength (+4).
   It affects your dexterity (+2).
   It affects your accuracy and damage with ranged weapons and melee attacks
   (+3).
   It makes you vulnerable to cold.
   It affects your resistance to hostile enchantments.
Wands
 i - a wand of enslavement (20)
 m - a wand of acid (14)
 B - a wand of paralysis (27)
 H - a wand of disintegration (4)
 J - a wand of flame (29)
 K - a wand of iceblast (19)
 L - a wand of polymorph (34)
 R - a wand of random effects (53)
Scrolls
 a - a scroll of magic mapping
 c - 9 scrolls of teleportation
 e - 3 scrolls of enchant armour
 j - 9 scrolls of remove curse
 l - a scroll of blinking
 n - 2 scrolls of identify
 o - 3 scrolls of amnesia
 v - 4 scrolls of fog
 I - 8 scrolls of fear
Potions
 h - 5 potions of stabbing
 p - 7 potions of flight
 q - 4 potions of mutation
 r - a potion of heal wounds
 s - 4 potions of brilliance
 x - a potion of magic
 z - a potion of degeneration
 C - a potion of invisibility
 D - 5 potions of haste
 E - 2 potions of cancellation
 F - 4 potions of might
 G - a potion of lignification
 O - a potion of curing
 Q - a potion of ambrosia
Miscellaneous
 f - a box of beasts (3/3)
 M - a lightning rod (4/4)


   Skills:
 * Level 11.0 Fighting
   Level 11.7(14.0) Axes
 - Level 12.9(14.6) Polearms
 - Level 9.0 Armour
 - Level 2.0 Dodging
 - Level 1.7 Stealth
 - Level 4.0 Shields
 - Level 10.3 Spellcasting
 * Level 8.2 Conjurations
 * Level 3.4 Hexes
   Level 0.8 Transmutations
 - Level 5.1 Fire Magic
 - Level 3.0 Ice Magic
 - Level 8.0 Poison Magic
 * Level 3.3 Evocations


You had 11 spell levels left.
You knew the following spells:

 Your Spells              Type           Power        Failure   Level
a - Fireball              Conj/Fire      #####.....   36%         5
b - Poisonous Vapours     Pois/Air       ####..       6%          2
c - Mephitic Cloud        Conj/Pois/Air  ####....     7%          3
d - Olgreb's Toxic Radia  Pois           #####...     9%          4
e - Freezing Cloud        Conj/Ice/Air   ###.......   100%        6
f - Cause Fear            Hex            ###.......   47%         4

Your spell library contained the following spells:

 Spells                   Type           Power        Failure   Level
 Foxfire                  Conj/Fire      ####         1%          1
 Sting                    Tmut/Pois      ####         3%          1
 Conjure Flame            Conj/Fire      #####...     4%          3
 Corona                   Hex            ###....      5%          1
 Ignite Poison            Fire/Tmut/Pois ####....     10%         3
 Spider Form              Tmut/Pois      ####......   11%         3
 Inner Flame              Hex/Fire       ####....     12%         3
 Stone Arrow              Conj/Erth      ####..       12%         3
 Sticky Flame             Conj/Fire      #####...     14%         4
 Beastly Appendage        Tmut           ##....       16%         1
 Confusing Touch          Hex            ###.....     16%         3
 Tukima's Dance           Hex            ###.....     16%         3
 Animate Skeleton         Necr           #.....       22%         1
 Apportation              Tloc           #.....       22%         1
 Sandblast                Erth           #.....       22%         1
 Summon Small Mammal      Summ           #...         22%         1
 Wereblood                Tmut           ##......     24%         2
 Passwall                 Tmut/Erth      ##......     28%         2
 Gell's Gravitas          Tloc           #.........   54%         3
 Lesser Beckoning         Tloc           #.........   54%         3
 Ice Form                 Ice/Tmut       ###.....     69%         4
 Alistair's Intoxication  Tmut/Pois      ####.....    69%         5
 Metabolic Englaciation   Hex/Ice        ###.......   86%         5
 Petrify                  Tmut/Erth      ##......     88%         4
 Yara's Violent Unravell  Hex/Tmut       ###.......   94%         5
 Silence                  Hex/Air        ###.......   97%         5
 Blade Hands              Tmut           ##........   99%         5
 Lee's Rapid Deconstruct  Erth           #.........   99%         5
 Invisibility             Hex            ###.....     100%        6
 Discord                  Hex            ###.......   100%        8


Dungeon Overview and Level Annotations

Branches:
Dungeon (15/15)            Temple (0/1) D:7            Lair (6/6) D:9
 Shoals (1/4) Lair:3        Snake (1/4) Lair:4        Slime (0/5) Lair:5
    Orc (1/2) D:10         Vaults (0/5) D:14         Depths (1/5) D:15

Altars:
Ashenzari
Cheibriados
Gozag
Hepliaklqana
Kikubaaqudgha
Makhleb
Qazlal
Vehumet
Xom
Yredelemnul
Zin
Jiyva

Shops:
D:4 *   D:10 ?   D:11 =   Lair:2 (   Shoals:1 *

Portals:
Hell: Depths:1

Annotations:
Lair:2 3 runed translucent doors, Sibaitro's ghost, journeyman GnWr
Lair:5 exclusion: 3 oklob plants
Snake:1 Aizul
Depths:1 exclusion: orange crystal statue


Innate Abilities, Weirdness & Mutations

You have a pair of large horns on your head.
You may emit foul miasma when damaged in melee.
You are mostly covered in sharp spines.
You are immune to rotting.


Message History

The bolt hits the yaktaur captain!!
The bolt disappears in a puff of smoke!
The orange crystal statue fixes its piercing gaze on you.
You feel your power leaking away.
The yaktaur shoots a bolt.
The bolt hits you.
The bolt dissolves into shadows!
The frost giant casts a spell at you. The bolt of cold hits you.
The yaktaur captain shoots a bolt.
The bolt hits you.
The bolt dissolves into shadows!
The yaktaur captain shoots a bolt.
The bolt hits you!!
* * * LOW HITPOINT WARNING * * *
The bolt dissolves into shadows!
The yaktaur shoots a bolt.
The bolt hits you.
* * * LOW HITPOINT WARNING * * *
The bolt dissolves into shadows!
The yaktaur looks more healthy.
The yaktaur shoots a bolt.
The bolt hits you!!
* * * LOW HITPOINT WARNING * * *
The bolt dissolves into shadows!
The frost giant points at you and mumbles some strange words.
The bolt of cold hits you!!
You die...
Your body crumbles into a pile of gold.

######.#≈#...#≈#..###..##...#....
# #.#≈#...#≈#.([####......#... #
###.#≈#...#≈#.).#.........#.(. #
#.#.####'####...#.......}..#.# #
#...##≈.§.≈##...'...##.....#..
####.#.##≈.∩§≈##...#.....##....#.
.....#.##≈...≈##..######(..##..#.
######.###§≈≈###..# #.#...#.##
.Jc....#########@.# #.###...##
########..........# #.# ###.##
.......#.c........######.#####.##
......c..####.......##.#.##.....#
.......c!.####C.......##.##.....#
........c..C.........###.##.....#
........c.######....####.#####.##
...$...C......###...#.##.# #.##
...8..........##.....###.# #..#


You could see a frost giant (summoned) and a yaktaur (summoned).

Vanquished Creatures
  A kraken (Shoals:1)
  A fire giant (Depths:1)
  Louise (Shoals:1)
  A stone giant (Depths:1)
  Nessos (D:14)
  A vampire knight (Depths:1)
  An ettin (D:15)
  Josephine (Shoals:1)
  A fire dragon (Depths:1)
  5 hydras
  A naga warrior (Lair:4)
  2 ice dragons (Depths:1)
  2 merfolk avatars (Shoals:1)
  3 centaur warriors
  A catoblepas (Lair:6)
  A deep troll shaman (Depths:1)
  3 ogre magi
  14 two-headed ogres
  2 death yaks (Lair:6)
  3 tengu warriors
  3 deep troll earth magi (Depths:1)
  Nergalle (Lair:3)
  3 skeletal warriors (D:15)
  3 unseen horrors
  A glowing orange brain (Depths:1)
  8 deep trolls
  A wizard (D:15)
  A lindwurm (Lair:6)
  Pikel (D:4)
  A deep elf mage (D:15)
  A wolf spider zombie (D:15)
  An orc knight (D:15)
  A deep elf archer (D:15)
  An obsidian statue (D:13)
  A necromancer (Lair:5)
  An oklob plant (Lair:5)
  4 fauns (Shoals:1)
  8 ugly things
  7 cyclopes
  2 manticores
  3 merfolk sirens (Shoals:1)
  7 centaur zombies
  Maurice (D:9)
  12 elephants
  4 black mambas
  A guardian serpent (Lair:4)
  A naga mage (Snake:1)
  14 cane toads
  2 torpor snails (Lair:6)
  3 kobold demonologists
  11 komodo dragons
  2 rime drakes
  A yaktaur (Depths:1)
  An efreet (D:13)
  2 trolls
  A ghost (D:15)
  7 polar bears
  5 merfolk
  23 dream sheep
  3 wind drakes (Shoals:1)
  20 blink frogs
  10 removed hippogriffs
  8 hornets
  2 snapping turtles (Shoals:1)
  A dream sheep (shapeshifter) (D:15)
  14 slime creatures
  2 shadows
  Sigmund (D:5)
  12 spriggans (Lair:6)
  2 wyverns
  10 wraiths
  33 yaks
  A water elemental (Shoals:1)
  A vampire (D:14)
  A basilisk (Lair:3)
  Edmund (D:4)
  4 nagas
  An acid dragon (D:11)
  15 water moccasins
  7 removed porcupines
  12 orc warriors
  4 phantoms
  10 black bears
  4 ice beasts
  4 sky beasts
  2 elephant zombies (Lair:5)
  An eye of draining (D:13)
  4 boggarts (Lair:6)
  2 necrophages
  7 ogres
  28 wolves
  A lemure (D:5)
  15 removed crocodiles
  13 centaurs
  Blork the orc (D:5)
  23 bullfrogs
  8 big kobolds (D:13)
  2 wyvern zombies
  3 gnoll sergeants
  6 scorpions
  5 killer bees (D:11)
  6 wights
  5 howler monkeys
  9 electric eels
  3 crimson imps
  2 bullfrog zombies
  2 quasits (D:13)
  7 hounds
  6 jellies
  22 orc priests
  4 centaur skeletons
  3 bullfrog skeletons
  18 orc wizards
  7 iguanas
  7 worker ants
  2 removed crocodile zombies (Lair:5)
  2 hound skeletons
  A hound zombie (D:6)
  18 gnolls
  21 adders
  4 shadow imps
  A white imp (D:10)
  An ufetubus (D:5)
  3 oozes
  2 adder skeletons (D:5)
  2 worms
  2 dart slugs
  2 leopard geckos
  69 orcs
  8 giant cockroaches
  10 goblins
  5 hobgoblins
  9 jackals
  6 quokkas
  A ball python (D:1)
  15 bats
  6 frilled lizards
  27 kobolds
  A leopard gecko zombie (D:5)
  A quokka skeleton (D:6)
  7 rats
  A spectral orc (D:4)
  A bush (D:13)
  3 tentacles (Shoals:1)
833 creatures vanquished.

Vanquished Creatures (others)
  2 dancing weapons (D:14)
  A bush (D:13)
  86 fungi
  123 plants
  3 tentacles (Shoals:1)
215 creatures vanquished.

Grand Total: 1048 creatures vanquished

Notes
Turn   | Place    | Note
-------+----------+-------------------------------------------
     0 | D:1      | BeastOfSaturn the Demonspawn Venom Mage began the quest for
                  | the Orb.
     0 | D:1      | Reached XP level 1. HP: 13/13 MP: 3/3
   291 | D:1      | Gained mutation: You have a pair of small horns on your
                  | head. [demonic ancestry]
   291 | D:1      | Reached XP level 2. HP: 11/19 MP: 1/5
   706 | D:1      | Learned a level 2 spell: Poisonous Vapours
  1174 | D:2      | Gained mutation: You have a pair of horns on your head.
                  | [demonic ancestry]
  1174 | D:2      | Reached XP level 3. HP: 24/24 MP: 6/6
  1179 | D:2      | Learned a level 3 spell: Mephitic Cloud
  1836 | D:2      | Gained mutation: You are partially covered in sharp spines.
                  | [demonic ancestry]
  1836 | D:2      | Reached XP level 4. HP: 22/30 MP: 1/8
  2792 | D:3      | Found a snail-covered altar of Cheibriados.
  2959 | D:3      | Found an opulent altar of Gozag.
  3027 | D:3      | Became a worshipper of Gozag Ym Sagoz the Greedy
  3184 | D:3      | Reached XP level 5. HP: 35/35 MP: 4/9
  3191 | D:3      | Learned a level 4 spell: Olgreb's Toxic Radiance
  3431 | D:4      | Reached skill level 5 in Poison Magic
  3536 | D:4      | Found Qeis's Lightly-Used Armoury.
  3553 | D:4      | Bought a -2 executioner's axe for 1 gold piece
  3995 | D:4      | Reached XP level 6. HP: 24/42 MP: 1/11
  4241 | D:4      | Noticed Edmund
  4316 | D:4      | Killed Edmund
  4316 | D:4      | Reached skill level 1 in Fighting
  4316 | D:4      | Reached skill level 1 in Axes
  4814 | D:4      | Noticed a water moccasin
  5011 | D:4      | Gained mutation: You are mostly covered in sharp spines.
                  | [demonic ancestry]
  5011 | D:4      | Reached XP level 7. HP: 25/48 MP: 8/13
  5482 | D:4      | Found a basalt altar of Yredelemnul.
  5648 | D:4      | Found an ancient bone altar of Kikubaaqudgha.
  5648 | D:4      | Found a glowing silver altar of Zin.
  5697 | D:5      | Entered Level 5 of the Dungeon
  5891 | D:5      | Noticed Sigmund
  6034 | D:5      | Reached skill level 5 in Spellcasting
  6034 | D:5      | Noticed Pikel
  6345 | D:4      | Killed Pikel
  6345 | D:4      | Reached XP level 8. HP: 30/57 MP: 0/16
  6589 | D:5      | Noticed Blork the orc
  6602 | D:5      | Killed Blork the orc
  7101 | D:5      | Killed Sigmund
  7526 | D:5      | Identified the cursed +3 mace "Pang" {holy, +Rage rElec
                  | Str-5 Stlth+}
  7650 | D:5      | Reached skill level 5 in Axes
  7677 | D:5      | Gained mutation: You have a pair of large horns on your
                  | head. [demonic ancestry]
  7677 | D:5      | Reached XP level 9. HP: 64/65 MP: 16/18
  7778 | D:5      | Found a stormy altar of Qazlal.
  8214 | D:6      | Found an opulent altar of Gozag.
  8833 | D:7      | Reached skill level 1 in Armour
  8921 | D:7      | Found a staircase to the Ecumenical Temple.
  8930 | D:7      | Found a basalt altar of Yredelemnul.
 10300 | D:7      | Found a hazy altar of Hepliaklqana.
 10301 | D:7      | Found a shimmering altar of Xom.
 10302 | D:7      | Noticed a spectral ugly thing
 10302 | D:7      | Noticed a hell beast
 10302 | D:7      | Noticed a hell beast
 10557 | D:8      | Reached XP level 10. HP: 66/71 MP: 18/20
 10595 | D:8      | Noticed a two-headed ogre
 10835 | D:7      | HP: 1/71 [two-headed ogre/+0 giant club (3)]
 10895 | D:7      | Killed a two-headed ogre
 11231 | D:8      | Found a radiant altar of Vehumet.
 11232 | D:8      | Found a burning altar of Makhleb.
 12214 | D:9      | You fall into a shaft and drop 2 floors!
 12218 | D:11     | Noticed a purple ugly thing
 12236 | D:11     | Killed a purple ugly thing
 12236 | D:11     | Reached skill level 5 in Armour
 12661 | D:11     | Noticed a two-headed ogre
 12673 | D:11     | Killed a two-headed ogre
 13075 | D:11     | Reached XP level 11. HP: 48/77 MP: 12/22
 13257 | D:11     | Reached skill level 10 in Axes
 13529 | D:11     | Noticed a tengu warrior
 13531 | D:11     | Noticed a cyan ugly thing
 13571 | D:11     | Killed a cyan ugly thing
 13579 | D:11     | HP: 3/77 [tengu warrior/+0 war axe (3)]
 13582 | D:11     | HP: 1/77 [tengu warrior/+0 war axe (3)]
 13962 | D:10     | Entered Level 10 of the Dungeon
 14196 | D:10     | Found Fasich's Magic Scroll Shop.
 14207 | D:10     | Bought a scroll of enchant weapon for 105 gold pieces
 14207 | D:10     | Bought a scroll of fear for 49 gold pieces
 14207 | D:10     | Bought a scroll of remove curse for 42 gold pieces
 14758 | D:10     | Found a staircase to the Orcish Mines.
 15546 | D:9      | Found a staircase to the Lair.
 15549 | D:9      | Noticed Maurice
 15573 | D:9      | Killed Maurice
 16169 | D:9      | Learned a level 5 spell: Fireball
 16332 | Lair:1   | Entered Level 1 of the Lair of Beasts
 17671 | Lair:2   | Reached skill level 1 in Conjurations
 17955 | Lair:2   | Reached skill level 1 in Fire Magic
 18175 | Lair:2   | Found a runed translucent gate.
 18232 | Lair:2   | Reached XP level 12. HP: 38/83 MP: 8/24
 19372 | Lair:2   | Found a runed translucent gate.
 19372 | Lair:2   | Found a runed translucent gate.
 19374 | Lair:2   | Found a viscous altar of Jiyva.
 19374 | Lair:2   | Noticed Sibaitro's ghost (journeyman GnWr)
 19379 | Lair:2   | Bought the +8 trident of the Octopus King {venom, rElec
                  | rPois MR+} for 1768 gold pieces
 19379 | Lair:2   | Found the +8 trident of the Octopus King {venom, rElec
                  | rPois MR+}
 19612 | Lair:3   | Reached skill level 1 in Polearms
 19675 | Lair:3   | Noticed Nergalle
 19694 | Lair:3   | Killed Nergalle
 19938 | Lair:3   | Reached skill level 2 in Polearms
 20082 | Lair:3   | Reached skill level 3 in Polearms
 20767 | Lair:3   | Found a staircase to the Shoals.
 20813 | Lair:3   | Reached skill level 4 in Polearms
 21119 | Lair:3   | Reached skill level 5 in Polearms
 21641 | Lair:3   | You fall into a shaft and drop 1 floor!
 21920 | Lair:4   | Reached XP level 13. HP: 37/88 MP: 0/26
 21924 | Lair:4   | Reached skill level 6 in Polearms
 22246 | Lair:4   | Found a staircase to the Snake Pit.
 22703 | Lair:4   | Reached skill level 7 in Polearms
 23993 | Lair:5   | Reached skill level 8 in Polearms
 24453 | Lair:5   | Found a staircase to the Slime Pits.
 25391 | Lair:6   | Entered Level 6 of the Lair of Beasts
 25436 | Lair:6   | Reached skill level 9 in Polearms
 25514 | Lair:6   | Reached skill level 5 in Conjurations
 25974 | Lair:6   | Reached XP level 14. HP: 7/95 MP: 2/27
 26332 | Lair:6   | Reached skill level 10 in Polearms
 26677 | Lair:6   | Reached skill level 10 in Spellcasting
 26799 | Lair:6   | Identified the +3 leather armour of the Stone Wall {rPois
                  | Slay+2} (You found it on level 6 of the Lair of Beasts)
 27321 | Lair:6   | Reached skill level 5 in Fire Magic
 27480 | Lair:6   | Reached skill level 11 in Polearms
 27887 | Lair:6   | Reached skill level 1 in Shields
 28314 | Lair:6   | Upgraded the game from 0.26-a0-611-g354ed81502 to
                  | 0.26-a0-612-gd4d190f45e
 28770 | D:11     | Bought the amulet of a Thousand Tales {Reflect rPois rC+
                  | Str+3 SH+5} for 763 gold pieces
 28770 | D:11     | Bought the ring "Urimokyr" {rN+ MR+ Dex+4 SInv} for 632
                  | gold pieces
 28770 | D:11     | Bought the ring of Luydam {rC- MR+ Str+4 Dex+2 Slay+3} for
                  | 702 gold pieces
 30612 | D:13     | Reached skill level 12 in Polearms
 32285 | D:14     | Noticed Nessos
 32286 | D:14     | Found a gate to the Vaults.
 32305 | D:14     | Killed Nessos
 32356 | D:14     | HP: 2/95 [cyclops/large rock (30)]
 32785 | D:14     | Gained mutation: You are immune to rotting. [demonic
                  | ancestry]
 32785 | D:14     | Reached XP level 15. HP: 100/100 MP: 29/29
 33108 | D:14     | Learned a level 6 spell: Freezing Cloud
 33823 | Orc:1    | Entered Level 1 of the Orcish Mines
 34151 | Orc:1    | Upgraded the game from 0.26-a0-612-gd4d190f45e to
                  | 0.26-a0-651-gb41185065b
 34319 | Snake:1  | Entered Level 1 of the Snake Pit
 34323 | Snake:1  | Noticed Aizul
 34335 | Snake:1  | HP: 5/101 [Aizul/bolt of poison (6)]
 34775 | Lair:4   | Upgraded the game from 0.26-a0-651-gb41185065b to
                  | 0.26-a0-663-g36e8fdb655
 35281 | D:15     | Entered Level 15 of the Dungeon
 35369 | D:15     | Reached skill level 1 in Ice Magic
 35586 | D:15     | Reached skill level 5 in Fighting
 36159 | D:15     | Found a staircase to the Depths.
 36360 | D:15     | Identified a scroll of acquirement
 36361 | D:15     | Acquired a +0 buckler of protection
 36849 | D:15     | Learned a level 4 spell: Cause Fear
 37091 | Shoals:1 | Entered Level 1 of the Shoals
 37126 | Shoals:1 | Found Jaulot's Mayhem Merchandise.
 37135 | Shoals:1 | Identified the cursed +1 great sword of Aqeupp {drain,
                  | Int+4}
 37137 | Shoals:1 | Noticed Josephine
 37151 | Shoals:1 | Killed Josephine
 37346 | Shoals:1 | Bought a wand of iceblast (4) for 112 gold pieces
 37395 | Shoals:1 | Reached skill level 1 in Hexes
 37425 | Shoals:1 | Reached skill level 1 in Evocations
 37541 | Shoals:1 | Noticed Louise
 37555 | Shoals:1 | Killed Louise
 38017 | Shoals:1 | Noticed a kraken
 38028 | Shoals:1 | Killed a kraken
 39276 | Depths:1 | Entered Level 1 of the Depths
 40316 | Depths:1 | Noticed a fire giant
 40782 | Depths:1 | Gained mutation: You may emit foul miasma when damaged in
                  | melee. [demonic ancestry]
 40782 | Depths:1 | Reached XP level 16. HP: 120/120 MP: 27/30
 41183 | Depths:1 | Reached skill level 10 in Fighting
 42425 | Depths:1 | Found a gateway to Hell.
 42487 | Depths:1 | Found a broken altar of Ashenzari.
 43052 | Depths:1 | Killed from afar by a frost giant

Illustrated notes

Levels and vault maps discovered:
D:1:      dpeg_arrival_lava_temple_mockup, layout_loops_ring,
          minmay_tree_intersection
D:2:      layout_basic, minmay_unequal
D:3:      layout_basic, marbit_many_paths, grunt_gozag_breadcrumbs
D:4:      layout_rooms, yredelemnul_forgotten_temple_becter,
          gammafunk_temple_overflow_elements, serial_co_window_serial,
          co_window_paths_a, co_window_corner_a, co_window_paths_b,
          co_window_corner_a, co_window_paths_b, co_window_paths_a,
          co_window_paths_a, co_window_broadway_a, co_window_of_opportunity_b,
          co_window_of_opportunity_c, co_window_paths_c, co_window_broadway_c,
          co_window_paths_d, glass_columns_b, glass_columns_a, glass_columns_c,
          glass_columns_a, glass_columns_b, portal_sewer_entry_e,
          minmay_shop_damaged, kennysheep_generic_room_13, uniq_edmund
D:5:      layout_loops_ring, nicolae_overflow_hidden_temple,
          minmay_fractal_squares_diagonal_5, uniq_sigmund, uniq_pikel,
          uniq_blork_the_orc
D:6:      layout_loops_ring, basic_altar, minivault_19,
          minmay_misc_feat_pillars, kennysheep_nondescript
D:7:      layout_cave_pools, regret_index_temple_of_mockery,
          minmay_temple_entry_glass, basic_altar, minmay_quadrilaterals
D:8:      layout_loops_ring, grunt_temple_overflow_lords_of_destruction,
          serial_park_tiny_2
D:9:      layout_basic, due_lair_maze_entry_diamond, uniq_maurice
D:10:     layout_rooms, erik_orc_2, serial_shops, shop
D:11:     layout_gridville
D:12:     layout_stronghold, serial_co_window_serial, co_window_corner_a,
          co_window_corner_a, co_window_corner_a, co_window_of_opportunity_a,
          co_window_paths_b, co_window_cross_2, co_window_unsneaky_path_c,
          co_window_of_opportunity_c, co_window_paths_c, co_window_broadway_b,
          co_window_broadway_b, glass_columns_b
D:13:     kennysheep_kobold_grotto, layout_basic
D:14:     layout_stronghold, erik_vaults_1, infiniplex_staircase_pool_1,
          hangedman_decor_lopped, lemuel_flamethrower_hall, uniq_nessos
D:15:     hangedman_depths_entry_civil_slaughter, layout_gridville, minivault_19
Lair:1:   layout_cave_pods, lemuel_fruit_fields, serial_bayou_shore_b
Lair:2:   minmay_lair_venomous_thicket, layout_hall_layers, gammafunk_ghost_ooze
Lair:3:   beast_lair_carwin_large_2, layout_regular_city,
          elwin_shoals_entry_rooms, minivault_27, infiniplex_staircase_pool_2,
          lemuel_fruit_tree, uniq_nergalle
Lair:4:   layout_regular_city, guppyfry_snake_entry_garden, grunt_megastairs_5,
          serial_bayou_shore_b
Lair:5:   pond_and_an_island_with_a_cottage, layout_cave_shapes,
          minmay_slime_entry_oklob_open, portal_ice_cave_entry_pillars_1
Lair:6:   minmay_lair_end_enchanted_forest, layout_regular_city,
          fungi_pond_lemuel, grunt_megastairs_2
Shoals:1: layout_shoals, minmay_shop_mayhem, uniq_louise, uniq_josephine
Snake:1:  layout_misc_corridors, serial_shops, shop, nicolae_shop_trees,
          nicolae_shop_crystal, shop, hangedman_snake_pattern, uniq_aizul,
          uniq_jorgrun, uniq_azrael, uniq_roxanne
Orc:1:    layout_caves
Depths:1: layout_basic, minmay_misc_feat_x, pf_hell_entry_great_geh,
          nicolae_benzene_ring, serial_sigils_hangedman_shear, minivault_16,
          evilmike_ruin_ashenzari

Skill      XL: |  1  2  3  4  5  6  7  8  9 10 11 12 13 14 15 16 |
---------------+-------------------------------------------------+-----
Dodging        | 2 |  2.0
Poison Magic   | 4 5 6 7 8 |  8.0
Spellcasting   | 3 4 5 6 7 8 9 10 | 10.3
Fighting       | 1 2 3 4 9 11 | 11.0
Axes           | 1 3 5 7 9 11 | 11.7
Armour         | 3 5 7 9 |  9.0
Conjurations   | 1 3 5 6 7 8 |  8.2
Fire Magic     | 1 3 4 5 |  5.1
Polearms       | 5 9 12 | 12.9
Shields        | 3 4 |  4.0
Ice Magic      | 3 |  3.0
Hexes          | 2 3 |  3.4
Evocations     | 2 3 |  3.3
Stealth        | |  1.7
Transmutations | |  0.8

Action                   |  1- 3 |  4- 6 |  7- 9 | 10-12 | 13-15 | 16-18 || total
-------------------------+-------+-------+-------+-------+-------+-------++-------
Melee: Whip              |    71 |       |       |       |       |       ||    71
       Headbutt          |    11 |    20 |    28 |    75 |   273 |    44 ||   451
       Short sword       |    42 |    77 |       |       |       |       ||   119
       Executioner's axe |       |    42 |   196 |   322 |       |       ||   560
       Falchion          |       |     6 |       |       |       |       ||     6
       Trident           |       |       |       |   202 |  1473 |   144 ||  1819
 Cast: Sting             |     8 |       |       |       |       |       ||     8
       Poisonous Vapours |     5 |    35 |    14 |    14 |       |       ||    68
       Olgreb's Toxic Ra |       |       |     5 |    31 |    53 |     5 ||    94
       Mephitic Cloud    |       |       |       |       |     1 |       ||     1
Invok: Call Merchant     |       |       |       |     1 |     1 |       ||     2
Evoke: Wand              |       |       |       |       |     4 |       ||     4
  Use: Scroll            |       |     7 |     6 |    14 |    14 |     1 ||    42
       Potion            |       |       |     1 |     5 |     8 |       ||    14
 Stab: Sleeping          |     1 |     3 |       |       |     2 |       ||     6
       Distracted        |       |       |     1 |     5 |    12 |     1 ||    19
       Petrified         |       |       |       |       |     2 |       ||     2
       Held in net/web   |       |       |       |       |     3 |       ||     3
       Confused          |       |       |       |       |     2 |       ||     2
Armor: Robe              |     9 |       |       |       |       |       ||     9
       Leather armour    |    31 |    31 |    29 |       |    13 |       ||   104
       Pearl dragon scal |       |       |    96 |   346 |   428 |    28 ||   898
       Skin              |       |       |       |       |     4 |       ||     4
Dodge: Dodged            |    98 |    65 |   109 |   373 |   424 |    22 ||  1091
Block: Buckler           |       |       |       |       |   239 |    29 ||   268
       Reflection        |       |       |       |       |    41 |     6 ||    47
       Rpst.: Falchion   |       |     2 |       |       |       |       ||     2

Table legend: (Time is in decaauts)
 A = Elapsed time spent in this place.
 B = Non-inter-level travel time spent in this place.
 C = Inter-level travel time spent in this place.
 D = Time resting spent in this place.
 E = Time spent auto-exploring this place.
 F = Levels seen in this place.
 G = Mean time per level.
                   A        B        C        D        E       F      G
               +--------+--------+--------+--------+--------+-----+--------+
         Total |  42958 |  40595 |   2363 |  10368 |  23899 |  25 | 1718.3 |
       Dungeon |  24544 |  22891 |   1653 |   4913 |  14258 |  15 | 1636.3 |
          Lair |  12746 |  12096 |    650 |   2927 |   7509 |   6 | 2124.3 |
        Shoals |   1948 |   1907 |     41 |    827 |    779 |   1 | 1948.0 |
     Snake Pit |     17 |     17 |      0 |      0 |      1 |   1 |   17.0 |
  Orcish Mines |    337 |    321 |     16 |      0 |    254 |   1 |  337.0 |
        Depths |   3364 |   3364 |      0 |   1700 |   1097 |   1 | 3364.0 |
               +--------+--------+--------+--------+--------+-----+--------+

Top non-repeatable levels by time:
Depths:1: 3364 daAuts
     D:4: 2704 daAuts
  Lair:6: 2570 daAuts
  Lair:4: 2485 daAuts
    D:11: 2223 daAuts
    D:13: 2199 daAuts
     D:7: 2198 daAuts
  Lair:3: 2189 daAuts
  Lair:5: 2047 daAuts
Shoals:1: 1948 daAuts
    D:15: 1865 daAuts
  Lair:2: 1832 daAuts
    D:14: 1642 daAuts
     D:5: 1635 daAuts
  Lair:1: 1621 daAuts
